[Event "Team 45 45 League T26"]
[Site "Internet Chess Club"]
[Date "2005.03.21"]
[Round "1"]
[White "DTK"]
[Black "camembert"]
[Result "1/2-1/2"]
[WhiteElo "1934"]
[BlackElo "1878"]
[TimeControl "2700+45"]

1. e4 e5 2. Nf3 Nc6 3. Bb5 a6 4. Ba4 Nf6 5. O-O Nxe4 6. d4 b5 7. Bb3 d5 8. dxe5
Be6 9. Nbd2 Be7 10. c3 O-O 11. Bc2 f5 12. Nb3 Qd7 13. Nfd4 Nxd4 14. Nxd4 c5 15.
Nxe6 Qxe6 16. f3 Ng5 17. a4 g6 18. Bxg5 Bxg5 19. f4 Be7 20. Qf3 Rfd8 21. Rfd1
Rab8 22. axb5 axb5 23. Ra5 b4 24. Rda1 bxc3 25. bxc3 Qb6 26. Ra6 Qb2 27. R6a2
Qb6 28. Ra6 {Game drawn by mutual agreement} 1/2-1/2

[Event "Team 45 45 League T26"]
[Site "Internet Chess Club"]
[Date "2005.03.27"]
[Round "1"]
[White "six-killer"]
[Black "kingfischer57"]
[Result "1-0"]
[WhiteElo "1799"]
[BlackElo "1789"]
[TimeControl "2700+45"]

1. e4 e6 2. d4 d5 3. Nc3 Bb4 4. e5 c5 5. Bd2 cxd4 6. Nb5 Be7 7. Qg4 Bf8 8. Nf3
Nc6 9. Bd3 a6 10. Nd6+ Bxd6 11. Qxg7 Bf8 12. Qxh8 Nge7 13. Bh6 Ng6 14. Bxg6 hxg6
15. Qxf8+ Kd7 16. Qxf7+ Ne7 17. Nxd4 Qa5+ 18. c3 {Black resigns} 1-0

[Event "Team 45 45 League T26"]
[Site "Internet Chess Club"]
[Date "2005.03.16"]
[Round "1"]
[White "Rainbird"]
[Black "gessie7"]
[Result "1-0"]
[WhiteElo "1619"]
[BlackElo "1457"]
[TimeControl "2700+45"]

1. Nf3 Nf6 2. c4 d5 3. g3 Nc6 4. Bg2 d4 5. d3 e5 6. O-O Bc5 7. a3 a6 8. b4 Ba7
9. Nbd2 Bf5 10. Nb3 b6 11. e3 e4 12. dxe4 Nxe4 13. Nfxd4 Qf6 14. Nxf5 Qxf5 15.
Bb2 Rd8 16. Qf3 Qxf3 17. Bxf3 f5 18. Bxg7 Rg8 19. Bb2 a5 20. b5 Ne7 21. Rad1 Ng6
22. Bxe4 fxe4 23. Rxd8+ Kxd8 24. Rd1+ Kc8 25. Rd4 Re8 26. Nd2 c5 27. Rxe4 Rd8
28. Bc3 Rd3 29. Bxa5 bxa5 30. Nf3 Rxa3 31. Ng5 Rd3 32. f4 Kd7 33. f5 a4 34. fxg6
hxg6 35. Rf4 a3 36. Rf7+ Kd6 37. Rxa7 Rxe3 38. Kf2 Re5 39. Nf7+ {Black resigns}
1-0

[Event "Team 45 45 League T26"]
[Site "Internet Chess Club"]
[Date "2005.03.21"]
[Round "1"]
[White "doobedoo"]
[Black "nursey"]
[Result "1-0"]
[WhiteElo "1715"]
[BlackElo "1599"]
[TimeControl "2700+45"]

1. e4 e5 2. Nf3 Nc6 3. d4 exd4 4. Nxd4 Nf6 5. Nxc6 bxc6 6. e5 Qe7 7. Qe2 Nd5 8.
c4 Ba6 9. Nd2 Rb8 10. Qe4 Nb6 11. b3 d5 12. exd6 cxd6 13. Ba3 f5 14. Qxe7+ Bxe7
15. Bd3 O-O 16. O-O Bg5 17. Nf3 Be7 18. Nd4 c5 19. Nxf5 Bf6 20. Rad1 Rfd8 21.
Rfe1 Bb7 22. Bb1 Nc8 23. Re3 g6 24. Nh6+ Kg7 25. Ng4 Bd4 26. Rg3 d5 27. cxd5
Rxd5 28. Be4 Bxf2+ 29. Nxf2 Rxd1+ 30. Nxd1 Bxe4 31. Bxc5 Kf6 32. Nc3 Bb7 33. h3
h6 34. Re3 Kf5 35. Kf2 a5 36. g4+ Kf4 37. Ne2+ Kg5 38. Kg3 Kf6 39. Bf8 h5 40.
gxh5 gxh5 41. Kh4 Kg6 42. Nf4+ Kf7 43. Bc5 Kf6 44. Nxh5+ Kg6 45. Rg3+ Kf5 46.
Rg5+ Ke4 47. Nf6+ Kf4 48. Rg4+ Kf5 49. Nd7 Ra8 50. Kg3 Ra6 51. Be3 Rd6 52. Nc5
Bc6 53. Rg5+ Kf6 54. Kf4 Rd1 55. Rg1 Rxg1 56. Bxg1 Nd6 57. Bd4+ Ke7 58. Kg5 Nf7+
59. Kg6 Bd5 60. h4 Nd6 61. h5 Bf7+ 62. Kg5 Bd5 63. h6 Nf7+ 64. Kg6 Nd6 65. h7
Nf7 66. h8=Q Nxh8+ 67. Bxh8 Kd6 68. Na4 Be4+ 69. Kg5 Bb1 70. Nc3 Bd3 71. Kf4 Kc5
72. Ke3 Bf5 73. Ne4+ Kd5 74. Nd2 Be6 75. Kd3 Bf5+ 76. Kc3 Be6 77. Bd4 Kc6 78.
Nc4 Kb5 79. Nd6+ Kc6 80. Ne4 Bd5 81. Nd2 Be6 82. Kb2 Kb5 83. Bc3 Bd5 84. Ka3 Be6
85. Bf6 Bd5 86. Bd8 Be6 87. Nb1 Ka6 88. Nc3 Bf5 89. Be7 Kb6 90. Na4+ Kb5 91.
Nc3+ Kb6 92. Nd5+ Kc6 93. Ne3 Bb1 94. Nc4 Kb5 95. Bd8 a4 96. Nd2 Bc2 97. b4 Bd3
98. Be7 Bf5 99. Kb2 Bd3 100. Kc3 Bf5 101. Nf3 Be4 102. Nd4+ Ka6 103. b5+ Kb6
104. Kb4 Bd5 105. a3 {Black resigns} 1-0

[Event "Team 45 45 League T26"]
[Site "Internet Chess Club"]
[Date "2005.03.18"]
[Round "1"]
[White "Traho"]
[Black "mal57"]
[Result "0-1"]
[WhiteElo "1293"]
[BlackElo "1455"]
[TimeControl "2700+45"]

1. e4 e6 2. Nf3 Bc5 3. d4 Be7 4. g3 d5 5. Nbd2 b6 6. Bg2 Ba6 7. c3 c6 8. Qc2 Nf6
9. Ne5 O-O 10. c4 Nbd7 11. Nxd7 Qxd7 12. O-O c5 13. e5 Ne8 14. Nb3 Bxc4 15. Rd1
f6 16. Nd2 Bb5 17. b3 cxd4 18. a4 Rc8 19. Qb2 Be2 20. Re1 d3 21. Bf3 Rc2 22.
Qxc2 dxc2 23. Bxe2 fxe5 {White resigns} 0-1

[Event "Team 45 45 League T26"]
[Site "Internet Chess Club"]
[Date "2005.03.16"]
[Round "1"]
[White "f5"]
[Black "Arshanay"]
[Result "1/2-1/2"]
[WhiteElo "2316"]
[BlackElo "2359"]
[TimeControl "2700+45"]

1. e4 e6 2. d4 d5 3. Nc3 Bb4 4. e5 c5 5. a3 Bxc3+ 6. bxc3 Qa5 7. Bd2 Qa4 8. Rb1
c4 9. Qc1 Nc6 10. h4 f6 11. f4 Nh6 12. Be2 Nf5 13. g4 Ng3 14. Rh3 Nxe2 15. Nxe2
fxe5 16. fxe5 O-O 17. Nf4 b6 18. g5 Bd7 19. g6 h6 20. Nh5 Rf5 21. Ng3 Rf3 22.
Bxh6 Qa5 23. Rb4 Rxc3 24. Bxg7 Qxa3 25. Qh6 Qa1+ 26. Kf2 Rxc2+ 27. Ne2 Rxe2+ 28.
Kxe2 Nxd4+ 29. Kf2 Qa2+ 30. Kg1 Qa1+ 31. Kg2 Qa2+ {Game drawn by mutual
agreement} 1/2-1/2

[Event "Team 45 45 League T26"]
[Site "Internet Chess Club"]
[Date "2005.03.19"]
[Round "1"]
[White "gracey"]
[Black "Burning-Bush"]
[Result "1-0"]
[WhiteElo "2057"]
[BlackElo "2118"]
[TimeControl "2700+45"]

1. e4 c5 2. Nf3 Nc6 3. d4 cxd4 4. Nxd4 e6 5. Nc3 Qc7 6. Be3 a6 7. Nb3 Nf6 8. f4
Bb4 9. Qd3 d5 10. Nd2 d4 11. Bxd4 Nxd4 12. Qxd4 Bxc3 13. Qxc3 Qxf4 14. g3 Qh6
15. Rd1 O-O 16. Bg2 Ng4 17. Nc4 b5 18. h3 bxc4 19. hxg4 Qg6 20. e5 Rb8 21. Qxc4
Bb7 22. Bxb7 Rxb7 23. b3 Rb5 24. Qe2 Qg5 25. Rh5 Qe7 26. c4 Rbb8 27. Rd6 a5 28.
Qe4 g6 29. Rh2 Qa7 30. Qd4 Qb7 31. Rd7 Qf3 32. Qd3 Qxg4 33. Qe3 h5 34. Rd4 Qf5
35. Rf2 Qh3 36. Rh4 Qxh4 37. gxh4 Rbd8 38. Rd2 {Black resigns} 1-0

[Event "Team 45 45 League T26"]
[Site "Internet Chess Club"]
[Date "2005.03.20"]
[Round "1"]
[White "iwulu"]
[Black "matman"]
[Result "1-0"]
[WhiteElo "2169"]
[BlackElo "1997"]
[TimeControl "2700+45"]

1. d4 Nf6 2. Nf3 d5 3. c4 c6 4. Nc3 e6 5. Bg5 Be7 6. e3 Nbd7 7. Rc1 O-O 8. Bd3
dxc4 9. Bxc4 Nd5 10. Bxe7 Qxe7 11. O-O Nxc3 12. Rxc3 b6 13. Qe2 a6 14. Bd3 c5
15. Qc2 g6 16. Be4 Rb8 17. Bc6 Bb7 18. Bxb7 Rxb7 19. dxc5 bxc5 20. b3 a5 21. Rc4
Rb4 22. Rc1 Rfb8 23. Nd2 a4 24. Rxb4 Rxb4 25. bxa4 Qd6 26. a3 Rb8 27. Ne4 Qc6
28. f3 Ra8 29. Rd1 Nb6 30. a5 Nd5 31. Qb2 Rxa5 32. Rxd5 exd5 33. Nf6+ Kf8 34.
Nxh7+ Kg8 35. Nf6+ Kf8 36. Qb8+ Ke7 37. Nxd5+ Ke6 38. Qd8 Rxa3 39. Nf4+ {Black
resigns} 1-0

[Event "Team 45 45 League T26"]
[Site "Internet Chess Club"]
[Date "2005.03.20"]
[Round "1"]
[White "syy89"]
[Black "Gregorio"]
[Result "1/2-1/2"]
[WhiteElo "2078"]
[BlackElo "2081"]
[TimeControl "2700+45"]

1. d4 Nf6 2. Nf3 d6 3. e3 g6 4. Bd3 Bg7 5. b3 Nbd7 6. Bb2 d5 7. Nbd2 O-O 8. O-O
c6 9. c4 Re8 10. Rc1 e5 11. Nxe5 Nxe5 12. dxe5 Ng4 13. cxd5 Nxe5 14. Bxe5 Bxe5
15. Nc4 Qxd5 16. Nxe5 Qxe5 17. Qf3 Be6 18. Rfd1 Bd5 19. Qg3 Qxg3 20. hxg3 Rad8
21. Rc2 Kf8 22. Rcd2 Ke7 23. Kf1 a5 24. Bc2 a4 25. e4 Be6 26. Rxd8 Rxd8 27. Rxd8
Kxd8 28. Ke2 Kc7 29. Kd3 axb3 30. axb3 Kb6 31. Kc3 c5 32. f4 Kc7 33. Bd1 h5 34.
f5 gxf5 35. exf5 Bxf5 36. Bxh5 Be6 37. Bf3 b6 38. g4 f6 39. g3 Kd6 40. b4 cxb4+
41. Kxb4 Bd7 42. Kc4 Bc6 43. Bd1 Ke5 44. Kd3 Bb5+ 45. Ke3 Bc4 46. Bc2 Be6 47.
Kf3 b5 48. Ke3 Bxg4 49. Kd2 Kd4 50. Bb1 Bf3 51. Ba2 Bd5 52. Bb1 Be4 53. Ba2 Bf5
54. Bb3 b4 55. Ba2 Ke4 56. Bb1+ Ke5 57. Ba2 Be4 58. Ke3 Bc2 59. Bc4 b3 60. Kd2
Kd4 61. Be6 Ke5 62. Bc4 Ke4 63. g4 Kd4 64. Be6 Kc5 65. Kc3 Bd1 66. Bd7 Kd6 67.
Bf5 Ke5 68. Kb2 Kf4 69. Be6 Kg3 70. Kc3 b2 71. Kxb2 Bxg4 72. Bc4 Kf2 73. Kc2 Ke3
74. Bd3 Bd1+ 75. Kc3 Be2 76. Bg6 Bf3 77. Bf5 {Game drawn by mutual agreement}
1/2-1/2

[Event "Team 45 45 League T26"]
[Site "Internet Chess Club"]
[Date "2005.03.20"]
[Round "1"]
[White "jpitt"]
[Black "ratty"]
[Result "1-0"]
[WhiteElo "2361"]
[BlackElo "2259"]
[TimeControl "2700+45"]

1. d4 Nf6 2. c4 e6 3. Nc3 Bb4 4. Qc2 c5 5. dxc5 Na6 6. a3 Bxc3+ 7. Qxc3 Nxc5 8.
b4 Nce4 9. Qb2 d5 10. c5 h6 11. Be3 Bd7 12. f3 Ng5 13. Bd4 O-O 14. h4 Ngh7 15.
e3 b6 16. cxb6 axb6 17. g4 Ne8 18. g5 h5 19. Bd3 g6 20. Nh3 Nd6 21. Nf4 Nc4 22.
Qb1 Be8 23. Nxh5 e5 24. Bb2 Nxb2 25. Qxb2 gxh5 26. Qxe5 f6 27. Qf5 Qe7 28. Qxd5+
Bf7 29. Qe4 Qxe4 30. Bxe4 Rae8 31. g6 Bxg6 32. Bxg6 Rxe3+ 33. Kf2 Re5 34. Rae1
Ra8 35. Rxe5 fxe5 36. Bxh7+ Kxh7 37. Re1 Re8 38. Rg1 Kh6 39. Rc1 Re6 40. b5
{Black resigns} 1-0

[Event "Team 45 45 League T26"]
[Site "Internet Chess Club"]
[Date "2005.03.19"]
[Round "1"]
[White "Molton"]
[Black "gringo"]
[Result "1-0"]
[WhiteElo "2191"]
[BlackElo "2254"]
[TimeControl "2700+45"]

1. e4 c5 2. Nf3 d6 3. d4 cxd4 4. Nxd4 Nf6 5. Nc3 g6 6. Be3 Bg7 7. f3 O-O 8. Qd2
Nc6 9. O-O-O Nxd4 10. Bxd4 Be6 11. Nd5 Qd7 12. h4 Rfc8 13. g4 Bxd5 14. exd5 Qa4
15. Kb1 Nxd5 16. Bxg7 Nb4 17. a3 Nxc2 18. Bd3 Nxa3+ 19. bxa3 Kxg7 20. Qb4 Qxb4+
21. axb4 Rc3 22. Kb2 Rac8 23. Rh2 Kf6 24. g5+ Kg7 25. h5 e6 26. hxg6 hxg6 27.
Rdh1 Kf8 28. Rh8+ Ke7 29. Rxc8 Rxc8 30. Rh7 Rg8 31. Kc3 a6 32. Kd4 e5+ 33. Kd5
a5 34. bxa5 Ra8 35. a6 bxa6 36. Bxg6 Rf8 37. Bxf7 Rxf7 38. g6 {Black resigns}
1-0

[Event "Team 45 45 League T26"]
[Site "Internet Chess Club"]
[Date "2005.03.25"]
[Round "1"]
[White "Milo"]
[Black "ChessyStud"]
[Result "1-0"]
[WhiteElo "2306"]
[BlackElo "2085"]
[TimeControl "2700+45"]

1. e4 d6 2. d4 g6 3. Nc3 Bg7 4. Be3 Nf6 5. f3 O-O 6. Qd2 c6 7. O-O-O b5 8. Bh6
Nbd7 9. h4 e5 10. dxe5 dxe5 11. h5 Qc7 12. Bxg7 Kxg7 13. hxg6 fxg6 14. Qh6+ Kg8
15. Nh3 Nc5 16. Ng5 Ne6 17. g3 Nxg5 18. Qxg5 Be6 19. Bh3 Bxh3 20. Rxh3 Qe7 21.
Rdh1 Rf7 22. f4 b4 23. fxe5 Nd7 24. Qxg6+ Rg7 25. Qxc6 Re8 26. Nd5 Qxe5 27. Qc4
Kh8 28. Qxb4 Rc8 29. Rh5 Qxg3 30. Qd4 Kg8 31. Ne7+ {Black resigns} 1-0

[Event "Team 45 45 League T26"]
[Site "Internet Chess Club"]
[Date "2005.03.18"]
[Round "1"]
[White "Apocalyptic"]
[Black "ReelBigFish"]
[Result "1-0"]
[WhiteElo "1959"]
[BlackElo "1781"]
[TimeControl "2700+45"]

1. c4 f5 2. Nf3 Nf6 3. g3 g6 4. Bg2 Bg7 5. Nc3 O-O 6. O-O d6 7. d3 Qe8 8. Rb1
Nc6 9. Nb5 Qd8 10. b4 e5 11. a4 Nh5 12. Na3 f4 13. Nc2 g5 14. b5 Na5 15. Bd2 c6
16. Qe1 b6 17. Bxa5 bxa5 18. bxc6 h6 19. Nxe5 Bxe5 20. c7 Qxc7 21. Bxa8 fxg3 22.
Bd5+ Kh8 23. fxg3 Rxf1+ 24. Qxf1 {Black resigns} 1-0

[Event "Team 45 45 League T26"]
[Site "Internet Chess Club"]
[Date "2005.03.18"]
[Round "1"]
[White "trikmamak"]
[Black "ExclamMoves"]
[Result "0-1"]
[WhiteElo "2252"]
[BlackElo "2355"]
[TimeControl "2700+45"]

1. e4 e5 2. Bc4 Nf6 3. d3 Nc6 4. Nf3 Be7 5. O-O d5 6. exd5 Nxd5 7. Re1 Qd6 8.
Qe2 Bg4 9. Bb5 O-O 10. Bxc6 bxc6 11. Nbd2 f6 12. h3 Bh5 13. Ne4 Qb4 14. c3 Qb6
15. Ng3 Bf7 16. Nf5 Bc5 17. Qc2 a5 18. a3 Rfe8 19. Rb1 Ne7 20. d4 Nxf5 21. dxc5
Qb3 22. Qxb3 Bxb3 23. g4 Ne7 24. g5 Rad8 25. Nd2 Bc2 26. Ra1 a4 27. f3 Kf7 28.
Ne4 f5 29. Nf2 Ng6 30. Kg2 Rd5 31. Re2 Bb3 32. Rd2 Red8 33. Rxd5 Rxd5 34. f4
exf4 35. Kf3 Bd1+ 36. Kg2 Bc2 37. Kf3 Be4+ 38. Ke2 Rxc5 39. Nd3 f3+ 40. Ke3 Bxd3
41. Kxd3 Re5 42. Bd2 Re2 43. Rf1 Ne5+ 44. Kd4 Re4+ {White resigns} 0-1

[Event "Team 45 45 League T26"]
[Site "Internet Chess Club"]
[Date "2005.03.21"]
[Round "1"]
[White "Zillmer"]
[Black "onslaught"]
[Result "0-1"]
[WhiteElo "2148"]
[BlackElo "2261"]
[TimeControl "2700+45"]

1. e4 e5 2. Nf3 Nc6 3. Bb5 a6 4. Bxc6 dxc6 5. O-O Qd6 6. d4 exd4 7. Qxd4 Qxd4 8.
Nxd4 Bd7 9. Bf4 O-O-O 10. Nc3 f6 11. Rfe1 Bc5 12. Nb3 Bd6 13. e5 fxe5 14. Bxe5
Nf6 15. Bxd6 cxd6 16. Re7 Rhg8 17. Rae1 Rde8 18. Rxe8+ Rxe8 19. Rxe8+ Bxe8 20.
f3 Bg6 21. Nd4 Kd7 22. b4 c5 23. bxc5 dxc5 24. Nb3 b6 25. Na4 Kc6 26. c4 Bb1 27.
Nd2 Bc2 28. Nc3 b5 29. cxb5+ axb5 30. Kf2 b4 31. Nce4 Nxe4+ 32. fxe4 Kb5 33. Ke3
c4 34. Kd4 c3 35. Nc4 Bb1 36. Ne3 c2 37. Nxc2 Bxc2 38. e5 Bb1 {White resigns}
0-1

[Event "Team 45 45 League T26"]
[Site "Internet Chess Club"]
[Date "2005.03.20"]
[Round "1"]
[White "indiadar"]
[Black "Sergio56"]
[Result "0-1"]
[WhiteElo "2017"]
[BlackElo "1927"]
[TimeControl "2700+45"]

1. e4 c5 2. Nf3 e6 3. d4 cxd4 4. Nxd4 Qb6 5. Nb3 Qc7 6. Bd3 Nf6 7. O-O d5 8.
exd5 Nxd5 9. c4 Nf6 10. Nc3 a6 11. Re1 Be7 12. Bg5 O-O 13. Qe2 Nc6 14. Rad1 b6
15. Ne4 Nxe4 16. Qxe4 g6 17. Bh6 Rd8 18. Bf4 Qd7 19. Bb1 Qxd1 {White resigns}
0-1

[Event "Team 45 45 League T26"]
[Site "Internet Chess Club"]
[Date "2005.03.22"]
[Round "1"]
[White "alastorx"]
[Black "kikian"]
[Result "1-0"]
[WhiteElo "1833"]
[BlackElo "2017"]
[TimeControl "2700+45"]

1. d4 Nf6 2. Nc3 d6 3. e4 g6 4. f3 c6 5. Be3 Nbd7 6. Qd2 b5 7. Nh3 Nb6 8. Nf2 d5
9. e5 Nfd7 10. Nd3 Nc4 11. Qf2 Nxe3 12. Qxe3 e6 13. Be2 Qc7 14. O-O a6 15. Kh1
c5 16. a4 b4 17. Nd1 cxd4 18. Qxd4 Qxc2 19. Ne3 Qc6 20. Rfc1 Qb7 21. b3 a5 22.
Rc2 Qb6 23. Qxb6 Nxb6 24. Rc6 Rb8 25. Rac1 Bd7 26. Rc7 Bh6 27. f4 O-O 28. Ng4
Bg7 29. Ra7 Ra8 30. Rcc7 h5 31. Nf6+ Bxf6 32. exf6 Rxa7 33. Rxa7 Rb8 34. Rxa5
Be8 35. Ne5 d4 36. Bf3 Rc8 37. Kg1 Nd7 38. Nxd7 Bxd7 39. Ra7 Bc6 40. Bxc6 Rxc6
41. Rb7 d3 42. Rd7 Rc3 43. a5 Rxb3 44. a6 Ra3 45. a7 d2 46. Rxd2 Rxa7 47. Rb2
Rb7 48. Kf2 Kf8 49. Ke3 Ke8 50. Kd4 Kd7 51. Kc4 Kd6 52. Rd2+ Kc6 53. Rb2 b3 54.
Rxb3 Rxb3 55. Kxb3 Kd5 56. Kc3 Ke4 57. g3 h4 58. Kc4 hxg3 59. hxg3 Kf3 60. Kc5
Kxg3 61. Kd6 Kxf4 62. Ke7 e5 63. Kxf7 e4 64. Kxg6 e3 65. f7 e2 66. f8=Q+ Ke3 67.
Qb4 Kf2 68. Qf4+ Kg2 69. Qe3 Kf1 70. Qf3+ Ke1 71. Kf5 Kd2 72. Qf2 Kd1 73. Qd4+
Ke1 74. Kf4 Kf1 75. Qd3 Kf2 76. Qf3+ Ke1 {Black resigns} 1-0

[Event "Team 45 45 League T26"]
[Site "Internet Chess Club"]
[Date "2005.03.17"]
[Round "1"]
[White "Quoyle"]
[Black "chesskilleruk"]
[Result "1-0"]
[WhiteElo "2442"]
[BlackElo "2231"]
[TimeControl "2700+45"]

1. d4 Nf6 2. Bg5 d5 3. Bxf6 exf6 4. e3 c6 5. Nd2 f5 6. g3 Nd7 7. Bg2 Nf6 8. Ne2
g6 9. c4 Bg7 10. O-O dxc4 11. Nxc4 Be6 12. Qb3 O-O 13. Nf4 Bxc4 14. Qxc4 Ne4 15.
Rfd1 Re8 16. Rac1 Qb6 17. Rc2 Rad8 18. b4 Bf8 19. Rb1 a5 20. a3 axb4 21. axb4
Ra8 22. h4 Ra4 23. Nd3 Bd6 24. Qb3 Rea8 25. Ne5 Rxb4 26. Qxf7+ Kh8 27. Rxb4 Qxb4
28. Bxe4 Bxe5 29. dxe5 Qxe4 30. Rc1 Qxe5 31. Qxb7 Ra1 32. Qxc6 Rxc1+ 33. Qxc1
Kg7 34. Qc6 h6 35. Kg2 Qb2 36. h5 gxh5 37. Qd7+ Kg6 38. Qe8+ Kg7 39. Qxh5 Qe5
40. Qf3 Qe6 41. Qb7+ Kg6 42. Kf3 Qd6 43. Kg2 Qe6 44. Qb1 Qd5+ 45. Kg1 Qf3 46.
Qb6+ Kg7 47. Qc7+ Kg6 48. Qd6+ Kg7 49. Qf4 Qd1+ 50. Kg2 Qd5+ 51. Kh2 Qe6 52. g4
fxg4 53. Kg3 h5 54. Qg5+ Qg6 55. Kh4 {Black resigns} 1-0

[Event "Team 45 45 League T26"]
[Site "Internet Chess Club"]
[Date "2005.03.17"]
[Round "1"]
[White "HV71"]
[Black "phoenix10q72"]
[Result "1-0"]
[WhiteElo "2129"]
[BlackElo "2203"]
[TimeControl "2700+45"]

1. d4 Nf6 2. c4 c5 3. d5 e6 4. Nc3 exd5 5. cxd5 d6 6. e4 g6 7. f4 Bg7 8. Nf3 O-O
9. Bd3 Bg4 10. h3 Bxf3 11. Qxf3 Nbd7 12. Be3 Qe7 13. O-O Rfc8 14. Bf2 Ne8 15.
Rae1 Rab8 16. a4 a6 17. Bg3 c4 18. Bb1 b5 19. axb5 axb5 20. e5 b4 21. Nd1 Rb5
22. Kh1 Nc7 23. exd6 Qxd6 24. f5 Qxd5 25. Be4 Qd4 26. fxg6 Nf6 27. gxf7+ Kxf7
28. Bf5 Qd8 29. Bxc8 Qxc8 30. Qc6 Rb7 31. Qxc4+ Kg6 32. Re7 Nfd5 33. Bxc7 Rxc7
34. Rxc7 Nxc7 35. Qf7+ Kh6 36. Rf6+ Bxf6 37. Qxf6+ Kh5 38. g4+ {Black resigns}
1-0

[Event "Team 45 45 League T26"]
[Site "Internet Chess Club"]
[Date "2005.03.20"]
[Round "1"]
[White "jorobo"]
[Black "DeLaSalle"]
[Result "1/2-1/2"]
[WhiteElo "2202"]
[BlackElo "2025"]
[TimeControl "2700+45"]

1. c4 c6 2. d4 d5 3. Nf3 Nf6 4. Nc3 a6 5. c5 Bg4 6. Ne5 Bh5 7. Qb3 Ra7 8. a4
Nfd7 9. Nxd7 Nxd7 10. a5 e5 11. e3 Be7 12. Be2 Bxe2 13. Nxe2 e4 14. Bd2 O-O 15.
O-O f5 16. f4 Qc7 17. Be1 Raa8 18. Kh1 Rf7 {Game drawn by mutual agreement}
1/2-1/2

[Event "Team 45 45 League T26"]
[Site "Internet Chess Club"]
[Date "2005.03.18"]
[Round "1"]
[White "baumhauer"]
[Black "megamaster"]
[Result "0-1"]
[WhiteElo "1962"]
[BlackElo "2030"]
[TimeControl "2700+45"]

1. e4 c5 2. Nf3 d6 3. d4 cxd4 4. Nxd4 Nf6 5. Nc3 a6 6. f4 Nc6 7. Be2 Qb6 8. Nb3
e6 9. Bf3 Be7 10. Qe2 O-O 11. Be3 Qc7 12. g4 Nd7 13. O-O-O b5 14. Qf2 Bb7 15. g5
b4 16. Ne2 a5 17. h4 a4 18. Nbd4 Nxd4 19. Nxd4 a3 20. b3 Qc3 21. Nb5 Qb2+ 22.
Kd2 Rfc8 23. Rc1 Qxa2 24. h5 Ba6 25. Be2 Bxb5 26. Bxb5 Nc5 27. Bxc5 Rxc5 28. Bd3
Qb2 29. g6 fxg6 30. hxg6 h6 31. Bc4 Qc3+ 32. Ke2 d5 33. exd5 exd5 34. Bd3 Bf6
35. Rhd1 Re8+ 36. Kf1 Bd4 37. Qh4 Bf6 38. Qg4 Rc7 39. Bb5 Re4 40. Rxd5 Qe3 41.
Qd1 Rxf4+ 42. Kg2 Qf2+ {White resigns} 0-1

[Event "Team 45 45 League T26"]
[Site "Internet Chess Club"]
[Date "2005.03.21"]
[Round "1"]
[White "Rossinantes"]
[Black "Catalog"]
[Result "1-0"]
[WhiteElo "2307"]
[BlackElo "2105"]
[TimeControl "2700+45"]

1. d4 Nf6 2. c4 g6 3. Nc3 Bg7 4. e4 d6 5. Nf3 O-O 6. Be2 e5 7. O-O Nc6 8. d5 Ne7
9. Ne1 Ne8 10. Nd3 f5 11. Bd2 f4 12. g4 g5 13. f3 Rf6 14. c5 h5 15. h3 Rh6 16.
Kg2 Ng6 17. Be1 Bf8 18. b4 Qf6 19. Bf2 Qh8 20. Rh1 Bd7 21. a4 Rd8 22. a5 Be7 23.
a6 bxa6 24. Rxa6 Nf6 25. Rxa7 Rf8 26. Rxc7 Rf7 27. c6 Be8 28. Rc8 Rfh7 29. c7
Kf7 30. Rb8 hxg4 31. c8=Q Rxh3 32. Rxh3 Rxh3 33. Qg1 Nh4+ 34. Kf1 Nxf3 35. Bxf3
Rxf3 36. Qe6+ Kf8 37. Nxe5 dxe5 38. d6 Bxd6 39. Qxd6+ Kg7 40. Qxe5 g3 41. Nd5
Qh3+ 42. Ke2 Bb5+ 43. Rxb5 Rxf2+ 44. Qxf2 gxf2 45. Qxf6+ {Black resigns} 1-0

[Event "Team 45 45 League T26"]
[Site "Internet Chess Club"]
[Date "2005.03.18"]
[Round "1"]
[White "EdBorowski"]
[Black "VentasD"]
[Result "0-1"]
[WhiteElo "2045"]
[BlackElo "2135"]
[TimeControl "2700+45"]

1. Nf3 c5 2. c4 Nc6 3. d4 cxd4 4. Nxd4 g6 5. Nxc6 bxc6 6. Nc3 Bg7 7. Bd2 Rb8 8.
b3 Nf6 9. Rc1 O-O 10. e4 d5 11. cxd5 cxd5 12. exd5 Nxd5 13. Bc4 Nxc3 14. Bxc3
Qxd1+ 15. Kxd1 Bb7 16. Bxg7 Kxg7 17. f3 Rbc8 18. Ke2 Kf6 19. Rhd1 Rfd8 20. Rxd8
Rxd8 21. Ke3 e6 22. Bd3 Rd7 23. Rc5 h5 24. g3 Bxf3 25. Bb5 Rd5 26. Rxd5 Bxd5 27.
Kd4 Ke7 28. Kc5 f5 {White resigns} 0-1

[Event "Team 45 45 League T26"]
[Site "Internet Chess Club"]
[Date "2005.03.21"]
[Round "1"]
[White "trevor21"]
[Black "Aldos"]
[Result "0-1"]
[WhiteElo "2134"]
[BlackElo "2060"]
[TimeControl "2700+45"]

1. d4 Nf6 2. c4 c5 3. d5 b5 4. cxb5 a6 5. f3 axb5 6. e4 d6 7. Bxb5+ Nbd7 8. Nc3
Ba6 9. Bxa6 Rxa6 10. Nge2 g6 11. O-O Bg7 12. Qc2 O-O 13. h3 Qa5 14. Be3 Rb8 15.
Rfb1 Ne5 16. f4 Nc4 17. Bc1 Qb4 18. g4 h6 19. Kg2 Nd7 20. h4 Nf6 21. Kh3 h5 22.
gxh5 gxh5 23. b3 Na3 24. Bxa3 Rxa3 25. Rg1 Ng4 26. Rab1 Rba8 27. Rxg4 hxg4+ 28.
Kxg4 c4 29. Na4 cxb3 30. axb3 Rb8 31. Nb2 Qxb3 {White resigns} 0-1

[Event "Team 45 45 League T26"]
[Site "Internet Chess Club"]
[Date "2005.03.17"]
[Round "1"]
[White "DTK"]
[Black "WesleyCrusher"]
[Result "0-1"]
[WhiteElo "1939"]
[BlackElo "2105"]
[TimeControl "2700+45"]

1. e4 c5 2. Nf3 d6 3. d4 cxd4 4. Nxd4 Nf6 5. Nc3 a6 6. Bc4 e6 7. O-O b5 8. Bb3
Be7 9. Qf3 Qc7 10. Qg3 O-O 11. Bh6 Ne8 12. Rad1 Bf6 13. Bg5 Bxg5 14. Qxg5 Nc6
15. Nce2 Nf6 16. Nxc6 Qxc6 17. f3 Bb7 18. Kh1 Rad8 19. Nf4 Qc5 20. Qxc5 dxc5 21.
c3 c4 22. Bc2 e5 23. Ne2 Rfe8 24. Rxd8 Rxd8 25. Rd1 Rxd1+ 26. Bxd1 Nd7 27. b4
cxb3 28. axb3 a5 29. Nc1 Kf8 30. Kg1 Ke7 31. Kf2 Kd6 32. Ke3 Bc6 33. Kd2 Nb6 34.
Kc2 a4 35. Be2 Bd7 36. bxa4 bxa4 37. Kb2 f5 38. Ka3 fxe4 39. fxe4 Bc6 40. Bf3
Nc4+ 41. Kb4 Nd2 42. Nd3 Bxe4 43. Ne1 Nxf3 44. Nxf3 Bc6 45. Ne1 Kd5 46. c4+ Kd4
47. Nf3+ Bxf3 48. gxf3 a3 49. Kxa3 Kxc4 {White resigns} 0-1

[Event "Team 45 45 League T26"]
[Site "Internet Chess Club"]
[Date "2005.03.19"]
[Round "1"]
[White "Chess2Play"]
[Black "Rainbird"]
[Result "1-0"]
[WhiteElo "1711"]
[BlackElo "1607"]
[TimeControl "2700+45"]

1. d4 d5 2. c4 e6 3. Nc3 c6 4. Nf3 Nf6 5. Bg5 h6 6. Bh4 dxc4 7. e3 g5 8. Bg3 b5
9. a4 a6 10. axb5 cxb5 11. Nxb5 Bb4+ 12. Nd2 O-O 13. Nc3 Bb7 14. Nxc4 Ne4 15.
Rc1 Qd5 16. Nb6 Qa2 17. Bd3 Qxb2 18. Bxe4 Bxc3+ 19. Kf1 Qxb6 20. Bxb7 Qxb7 21.
Rxc3 Nd7 22. Qb3 Qxb3 23. Rxb3 Rfb8 24. Bxb8 Nxb8 25. Ke2 Nd7 26. Ra1 Nf6 27.
Rba3 Rb8 28. R1a2 Nd5 29. Kf3 f5 30. Rxa6 Nb4 31. Ra8 Rxa8 32. Rxa8+ Kg7 33. g4
Nd5 34. gxf5 exf5 35. Ra6 h5 36. h3 Kf7 37. e4 fxe4+ 38. Kxe4 Nf4 39. Ra3 Ke6
40. d5+ Kd6 41. Kf5 Kxd5 42. Kxg5 Ne6+ 43. Kxh5 Ke5 44. Re3+ Kf5 45. Rxe6 Kxe6
46. Kg6 {Black resigns} 1-0

[Event "Team 45 45 League T26"]
[Site "Internet Chess Club"]
[Date "2005.03.20"]
[Round "1"]
[White "Xidnan"]
[Black "jantonio"]
[Result "0-1"]
[WhiteElo "1471"]
[BlackElo "1643"]
[TimeControl "2700+45"]

1. d4 Nf6 2. c4 g6 3. Nc3 Bg7 4. e4 d6 5. Nf3 O-O 6. Be2 Bg4 7. Be3 Nbd7 8. O-O
c5 9. d5 Nb6 10. b3 Bd7 11. a3 a5 12. a4 Ng4 13. Bd2 Ne5 14. Bf4 Nxf3+ 15. gxf3
Bxc3 16. Rc1 Bg7 17. Qd2 Bh3 18. Rfe1 Re8 19. Bh6 Bh8 20. Kh1 Nd7 21. f4 Nf6 22.
Rg1 Nxe4 23. Qe3 Bf5 24. Bg4 Bd4 25. Qe1 Nxf2+ 26. Kg2 Nxg4 27. Bg5 Qb6 28. Rf1
Ne3+ 29. Kg3 Nxf1+ 30. Qxf1 Qxb3+ 31. Kh4 Qe3 {White resigns} 0-1

[Event "Team 45 45 League T26"]
[Site "Internet Chess Club"]
[Date "2005.03.25"]
[Round "1"]
[White "clarinetref"]
[Black "Colonel-Klutz"]
[Result "1-0"]
[WhiteElo "1435"]
[BlackElo "1446"]
[TimeControl "2700+45"]

1. Nf3 c5 2. c4 Nc6 3. d4 cxd4 4. Nxd4 e5 5. Nc2 Bc5 6. e3 Nf6 7. Nc3 Qa5 8. a3
Ne4 9. Bd2 Nxc3 10. Bxc3 Qc7 11. Be2 O-O 12. O-O a5 13. b4 axb4 14. axb4 Rxa1
15. Qxa1 Be7 16. b5 Nd8 17. Bxe5 Bd6 18. f4 Re8 19. Bxg7 Ne6 20. Be5 Bxe5 21.
Qxe5 Qxe5 22. fxe5 b6 23. Bh5 Re7 24. Nd4 Ng7 25. Nf5 Nxf5 26. Rxf5 d5 27. Rg5+
Kf8 28. cxd5 f6 29. exf6 Rxe3 30. f7 {Black resigns} 1-0